AoeStats
← [PLGRS]socrates'11

Arabian Desert

509363020Analyzed
1v1 RM · 7d ago on Sep 26, 2026· 47m 14s· 2 players
Game mode
Random Map
Map size
Tiny (2 player)
Population
200
Speed
Normal
Resources
Standard
Victory
Conquest
Starting age
Dark Age
Ending age
Imperial Age
RankedLock teamsTeams togetherTeam positionsShared explorationLock speedFull tech treeHidden civsTurbo modeCheats
Victory
Defeat
🇺🇸 Danes · United States
1024
+14
🇧🇪 Franks · Belgium
987
-14
Loite
7:40 Loom
9:42 Feudal Age
10:38 Double-Bit Axe
23:11 Castle Age
21:38 Scale Barding Armor
21:46 Forging
23:21 Fletching
25:00 Town Watch
43:58 Wheelbarrow
[PLGRS]socrates'11
5:06 Loom
11:04 Feudal Age
11:09 Man-at-Arms
18:05 Double-Bit Axe
18:51 Horse Collar
23:46 Castle Age
23:35 Scale Mail Armor
23:39 Gold Mining
23:52 Long Swordsman
24:24 Pikeman
31:55 Forging
34:26 Arson
34:44 Heavy Plow
37:25 Gold Shaft Mining
Connection lost

Rejoining the realm…

Still unreachable

The connection could not be restored.

Session expired

The server has moved on; the page needs a fresh start.